 Dungeon Sprint DCSS version 0.21-a0-351-g38363bb (webtiles) character file.

6351 Kidiri the Bludgeoner (level 10, -9/97 HPs)
             Began as a White Draconian Gladiator on Oct 9, 2017.
             Was a High Priest of Trog.
             Mangled by a komodo dragon (28 damage)
             ... in the Dungeon (Sprint VII: "The Pits").
             The game lasted 00:11:47 (2526 turns).

Kidiri the Bludgeoner (White Draconian Gladiator)   Turns: 2526, Time: 00:11:48

Health: -9/97      AC:  7    Str: 19    XL:     10   Next: 65%
Magic:  3/3        EV: 25    Int: 10    God:    Trog [*****.]
Gold:   0          SH:  0    Dex: 12    Spells: 9/9 levels left

rFire    . . .     SeeInvis .   w - +6 great mace (antimagic)
rCold    + . .     Gourm    .   (shield currently unavailable)
rNeg     . . .     Faith    .   (armour unavailable)
rPois    .         Spirit   .   b - +0 hat
rElec    .         Reflect  .   (no cloak)
rCorr    .         Harm     .   (no gloves)
MR       .....     NoTele   +   (no boots)
Stlth    ++++......             (no amulet)
HPRegen  0.00/turn              r - +3 ring of evasion
MPRegen  0.08/turn              s - +3 ring of evasion

@: slowed, very slow
A: breathe frost, unfitting armour, cold resistance 1, inhibited regeneration,
cold-blooded, AC +7
a: Breathe Frost, Berserk, Trog's Hand, Brothers in Arms, Burn Spellbooks,
Renounce Religion


You were in the Dungeon.
You worshipped Trog.
Trog was extremely pleased with you.
You were hungry.

You visited 1 branch

Inventory:

Hand Weapons
 k - the +6 dire flail of Uncomfortable Rashes {flame, rN+}
   (Trog gifted it to you in the Dungeon)

   It has been specially enchanted to burn those struck by it, causing extra
   injury to most foes and up to half again as much damage against particularly
   susceptible opponents.
   It protects you from negative energy.
 w - a +6 antimagic great mace (weapon)
Missiles
 a - 6 steel javelins
 c - a throwing net (quivered)
 q - 5 needles of sleeping
 v - 2 silver tomahawks
 x - 7 javelins of returning
Armour
 b - a +0 hat (worn)
Jewellery
 r - a +3 ring of evasion (left hand)
 s - a +3 ring of evasion (right hand)
Scrolls
 j - a scroll of blinking
 m - 2 scrolls of remove curse
 n - a scroll of summoning
Potions
 e - 8 potions of curing
 f - 16 potions of heal wounds
 g - a potion of haste
 h - 4 potions of magic
 i - 2 potions of berserk rage
 l - 2 potions of invisibility
 t - a potion of might
Comestibles
 d - 8 bread rations
 o - 40 fruits
 p - 7 meat rations


   Skills:
 + Level 11.9 Fighting
 + Level 16.4 Maces & Flails
 + Level 4.3 Throwing
 + Level 11.8 Dodging
 + Level 9.2 Stealth


You had 9 spell levels left.
You didn't know any spells.

Dungeon Overview and Level Annotations

Branches:
Dungeon (1/1)

Altars:
Ashenzari
Cheibriados
Dithmenos
Elyvilon
Fedhas
Gozag
Hepliaklqana
Kikubaaqudgha
Makhleb
Nemelex Xobeh
Okawaru
Qazlal
Ru
Sif Muna
Trog
Uskayaw
Vehumet
Wu Jian
Xom
Yredelemnul
Zin
The Shining One
Beogh
Jiyva
Lugonu

Annotations:
D exclusions: 6 doors and 2 more exclusions, Erica


Innate Abilities, Weirdness & Mutations

You can breathe waves of freezing cold.
You can buffet flying creatures when you breathe cold.
Your icy white scales are hard. (AC +7)
You cannot fit into any form of body armour.
Your flesh is cold resistant. (rC+)
You are cold-blooded and may be slowed by cold attacks.
You do not regenerate when monsters are visible.


Message History

Unknown command.
You sock the dream sheep!
You kill the dream sheep!
Trog accepts your kill. Something appears at your feet!
Trog grants you ammunition!
Your ogre hits the dream sheep with a giant club!
You bludgeon the dream sheep!!
You kill the dream sheep!
Trog accepts your kill.
Your ogre closely misses the ufetubus.
The ynoxinul gestures.
Your ogre hits the komodo dragon with a giant club.
Unknown command.
You closely miss the komodo dragon.
The komodo dragon is lightly wounded.
The ufetubus disappears in a puff of smoke!
Your ogre hits the komodo dragon with a giant club!!
The komodo dragon bites you!!
You die...

......# +######
+############# #####
.[...#...+....###...#
...###...###...#...##
..##.+)).+.##.....####
.##..##+##..##...##..##.
.#..##...##..'...#....Yn
.#..#.....#..#..@#.oY.#.
.'..'.....'..'..[l{og355
.#).#.....#..#..O#i.5.#.
.#..##...##..'...#55....
.##..##'##).##...##5.##.
..##.'...'%##.....####
...###..)###...#...##
.....#.).+....###...#
############### #####


You could see a komodo dragon, a ynoxinul, an orc warrior, a spriggan, a quasit,
a gnoll, 5 ufetubi and a friendly ogre (berserk).

Vanquished Creatures
  An orc knight (D)
  A manticore (D)
  A deep elf mage (D)
  An elephant (D)
  A black mamba (D)
  A hellwing (D)
  A tyrant leech (D)
  3 dream sheep (D)
  A porcupine (D)
  A swamp drake (D)
  2 floating eyes (D)
  A phantom (D)
  2 centaurs (D)
  A scorpion (D)
  A killer bee (D)
  5 wights (D)
  A crimson imp (D)
  3 worker ants (D)
  A gnoll (D)
  2 adders (D)
  4 worms (D)
  An orc (D)
  A hobgoblin (D)
  A ball python (D)
  3 bats (D)
  A rat (D)
42 creatures vanquished.

Vanquished Creatures (collateral kills)
  2 deep trolls (D)
  A sea snake (D)
  A deep elf mage (D)
  An elephant (D)
  An orange demon (D)
  A demonic crawler (D)
  2 tyrant leeches (D)
  A bog body (D)
  A hornet (D)
  5 dream sheep (D)
  A spriggan (D)
  A shadow (D)
  2 orc warriors (D)
  A wolf (D)
  A gnoll sergeant (D)
  A wight (D)
  2 killer bees (D)
  An iguana (D)
  4 gnolls (D)
30 creatures vanquished.

Grand Total: 72 creatures vanquished

Notes
Turn   | Place    | Note
-------+----------+-------------------------------------------
     0 | D        | Kidiri the Draconian Gladiator began the quest for the Orb.
     0 | D        | Reached XP level 1. HP: 17/17 MP: 1/1
    41 | D        | Found a bloodstained altar of Trog.
    41 | D        | Found a deep blue altar of Sif Muna.
    41 | D        | Found a viscous altar of Jiyva.
    41 | D        | Found a hazy altar of Hepliaklqana.
    41 | D        | Found an opulent altar of Gozag.
    42 | D        | Found a glowing golden altar of the Shining One.
    42 | D        | Found a glowing silver altar of Zin.
    42 | D        | Found a basalt altar of Yredelemnul.
    42 | D        | Found a shimmering altar of Xom.
    42 | D        | Found an ornate altar of the Wu Jian Council.
    42 | D        | Found a sacrificial altar of Ru.
    42 | D        | Found a stormy altar of Qazlal.
    42 | D        | Found an iron altar of Okawaru.
    42 | D        | Found a sparkling altar of Nemelex Xobeh.
    42 | D        | Found a burning altar of Makhleb.
    42 | D        | Found a blossoming altar of Fedhas.
    42 | D        | Found a white marble altar of Elyvilon.
    42 | D        | Found a shadowy altar of Dithmenos.
    42 | D        | Found a snail-covered altar of Cheibriados.
    45 | D        | Found a corrupted altar of Lugonu.
    45 | D        | Found a radiant altar of Vehumet.
    45 | D        | Found a roughly hewn altar of Beogh.
    46 | D        | Found an ancient bone altar of Kikubaaqudgha.
    46 | D        | Found a hide-covered altar of Uskayaw.
    46 | D        | Found a shattered altar of Ashenzari.
    50 | D        | Became a worshipper of Trog the Wrathful
    85 | D        | Noticed a worker ant
   104 | D        | Reached skill level 4 in Maces & Flails
   104 | D        | Reached XP level 2. HP: 16/25 MP: 2/2
   107 | D        | Reached XP level 3. HP: 11/31 MP: 3/3
   325 | D        | Reached * piety under Trog
   329 | D        | Reached skill level 5 in Maces & Flails
   351 | D        | Reached ** piety under Trog
   358 | D        | Noticed a porcupine
   362 | D        | Killed a porcupine
   362 | D        | Reached skill level 6 in Maces & Flails
   362 | D        | Reached XP level 4. HP: 35/41 MP: 4/4
   362 | D        | Reached XP level 5. HP: 40/47 MP: 5/5
   492 | D        | Reached *** piety under Trog
   492 | D        | Reached skill level 1 in Stealth
   587 | D        | Noticed a phantom
   616 | D        | Killed a phantom
   616 | D        | Reached skill level 5 in Fighting
   616 | D        | Reached skill level 7 in Maces & Flails
   699 | D        | Reached skill level 8 in Maces & Flails
   914 | D        | Noticed a floating eye
   917 | D        | Paralysed by a floating eye for 2 turns
   927 | D        | Killed a floating eye
   927 | D        | Reached skill level 9 in Maces & Flails
   927 | D        | Reached XP level 6. HP: 53/57 MP: 6/6
   932 | D        | Reached **** piety under Trog
   951 | D        | Received a gift from Trog
   967 | D        | Noticed a floating eye
   985 | D        | Your scales start taking on an icy white colour.
   985 | D        | Reached XP level 7. HP: 64/64 MP: 7/7
   985 | D        | Gained mutation: Your flesh is cold resistant. (rC+) [White Draconian growth]
   988 | D        | Reached skill level 10 in Maces & Flails
   989 | D        | Paralysed by a floating eye for 3 turns
   993 | D        | Reached ***** piety under Trog
  1059 | D        | Gained mutation: You do not regenerate when monsters are visible. [mutagenic glow]
  1379 | D        | Noticed a black mamba
  1391 | D        | Killed a black mamba
  1391 | D        | Reached skill level 11 in Maces & Flails
  1391 | D        | Reached skill level 5 in Stealth
  1391 | D        | Reached XP level 8. HP: 74/74 MP: 8/8
  1575 | D        | Noticed a tyrant leech
  1587 | D        | Killed a tyrant leech
  1587 | D        | Reached skill level 12 in Maces & Flails
  1812 | D        | Received a gift from Trog
  1813 | D        | Got an iridescent dire flail {god gift}
  1814 | D        | Identified the +6 dire flail of Uncomfortable Rashes {flame, rN+} (Trog gifted it to you in the Dungeon)
  1928 | D        | Noticed a tyrant leech
  1928 | D        | Noticed an elephant
  1940 | D        | Killed a tyrant leech
  1943 | D        | Killed an elephant
  1943 | D        | Reached skill level 13 in Maces & Flails
  1943 | D        | Reached skill level 10 in Dodging
  1943 | D        | Reached XP level 9. HP: 34/83 MP: 9/9
  2194 | D        | Noticed a deep elf mage
  2198 | D        | Killed a deep elf mage
  2202 | D        | Noticed a demonic crawler
  2205 | D        | Killed a demonic crawler
  2212 | D        | Noticed a manticore
  2225 | D        | Killed a manticore
  2225 | D        | Received a gift from Trog
  2225 | D        | Reached skill level 14 in Maces & Flails
  2227 | D        | Noticed an elephant
  2310 | D        | Noticed a spriggan rider
  2316 | D        | Noticed a sea snake
  2317 | D        | Killed an elephant
  2317 | D        | Reached skill level 10 in Fighting
  2318 | D        | Received a gift from Trog
  2323 | D        | Noticed a deep elf mage
  2324 | D        | Noticed a hellwing
  2324 | D        | Killed a sea snake
  2324 | D        | Received a gift from Trog
  2374 | D        | Killed a deep elf mage
  2374 | D        | Reached skill level 15 in Maces & Flails
  2374 | D        | Reached XP level 10. HP: 94/94 MP: 10/10
  2465 | D        | Noticed a deep troll
  2497 | D        | Noticed an orange demon
  2498 | D        | Killed an orange demon
  2499 | D        | Noticed a deep troll
  2500 | D        | Killed a deep troll
  2500 | D        | Received a gift from Trog
  2500 | D        | Received a gift from Trog
  2502 | D        | Noticed an orc knight
  2502 | D        | Received a gift from Trog
  2507 | D        | Killed a deep troll
  2511 | D        | Noticed Erica
  2514 | D        | Reached skill level 16 in Maces & Flails
  2523 | D        | Killed an orc knight
  2524 | D        | Received a gift from Trog
  2526 | D        | Mangled by a komodo dragon

Vault maps used:
D:        pitsprint

Skill      XL: |  1  2  3  4  5  6  7  8  9 10 |
---------------+-------------------------------+-----
Dodging        | 3 4 6 7 8 9 10 11 | 11.8
Maces & Flails | 4 6 9 11 13 15 16 | 16.4
Throwing       | 2 3 4 |  4.3
Fighting       | 3 4 6 7 9 10 11 | 11.9
Stealth        | 2 3 5 6 8 9 |  9.2

Action                   |  1- 3 |  4- 6 |  7- 9 | 10-12 || total
-------------------------+-------+-------+-------+-------++-------
Melee: Mace              |    31 |    75 |    14 |       ||   120
       Flail             |     4 |       |       |       ||     4
       Tailslap          |     1 |    12 |    12 |       ||    25
       Morningstar       |       |       |    19 |       ||    19
       Dire flail        |       |       |    23 |    10 ||    33
       Great mace        |       |       |       |     9 ||     9
Throw: Throwing net      |     2 |       |       |       ||     2
Invok: Berserk           |     1 |     1 |     4 |       ||     6
       Brothers in Arms  |       |       |     5 |     4 ||     9
 Abil: Breathe Frost     |       |       |     3 |       ||     3
  Use: Potion            |     1 |       |       |       ||     1
       Scroll            |       |       |     1 |       ||     1
 Stab: Sleeping          |     1 |     3 |       |       ||     4
  Eat: Chunk             |       |     1 |    11 |     2 ||    14
Armor: Skin              |     7 |    16 |     3 |     1 ||    27
Dodge: Dodged            |    27 |    40 |    37 |    18 ||   122

Table legend:
 A = Spawn XP
 B = Non-spawn XP
 C = Spawn XP percentage of total XP
 D = Spawn monster count
 E = Non-spawn monster count
 F = Spawn count percentage of total count
 G = Total turns spent on level
                    A         B        C        D         E        F      G
               +---------+---------+-------+---------+---------+-------+---------
         Total |       0 |    9074 |   0.0 |       0 |      72 |   0.0 |  2526
               +---------+---------+-------+---------+---------+-------+---------
             D |       0 |    9074 |   0.0 |       0 |      72 |   0.0 |  2526
               +---------+---------+-------+---------+---------+-------+---------
